 Dungeon Crawl Stone Soup version 0.30-a0-341-g682706514a (webtiles) character file.

Game seed: 7265230225751325465

114 Harunobu the Trooper (level 4, -1/32 HPs)
             Began as a Gargoyle Monk on Oct 31, 2022.
             Slain by a gnoll
             ... wielding a +0 halberd
              (8 damage)
             ... on level 3 of the Dungeon.
             The game lasted 00:02:40 (1823 turns).

Harunobu the Trooper (Gargoyle Monk)                Turns: 1823, Time: 00:02:40

Health: -1/32      AC:  6    Str: 23    XL:     4   Next: 98%
Magic:  4/4        EV: 12    Int: 10    God:
Gold:   167        SH:  0    Dex: 12    Spells: 3/3 levels left

rFire   . . .      SeeInvis +    w - +2 trident (venom)
rCold   . . .      Faith    .    (no shield)
rNeg    + . .      Spirit   .    b - +0 robe
rPois   ∞          Reflect  .    (no helmet)
rElec   +          Harm     .    (no cloak)
rCorr   .          Rampage  .    h - +0 pair of gloves
Will    .....                    (no boots)
Stlth   ++........               (no amulet)
HPRegen 0.25/turn                q - +6 ring of strength
MPRegen 0.09/turn                k - ring of see invisible

@: no status effects
A: sickness immunity, AC +3, negative energy resistance 1, electricity
resistance, torment resistance 1, petrification resistance
a: no special abilities


You were on level 3 of the Dungeon.
You visited 1 branch of the dungeon, and saw 3 of its levels.

You collected 167 gold pieces.

Inventory:

Hand Weapons
 a - a +0 mace
 w - a +2 trident of venom (weapon)
Armour
 b - a +0 robe (worn)
 h - a +0 pair of gloves (worn)
Jewellery
 f - a ring of magical power
 j - a ring of flight
 k - a ring of see invisible (right hand)
 q - a +6 ring of strength (left hand)
 v - an amulet of the acrobat
Wands
 n - a wand of roots (1)
Scrolls
 e - 5 scrolls of identify {unknown}
 g - 2 scrolls of teleportation {unknown}
 o - a scroll of brand weapon {unknown}
 p - a scroll of acquirement {unknown}
 r - 2 scrolls of vulnerability {unknown}
 u - a scroll of poison {unknown}
 y - a scroll of silence {unknown}
Potions
 c - a potion of ambrosia
 d - 3 potions of heal wounds {unknown}
 i - 3 potions of curing {unknown}
 l - a potion of attraction {unknown}
 m - 2 potions of might {unknown}
 s - a potion of lignification {unknown}
 t - a potion of magic {unknown}
 x - a potion of haste {unknown}
 z - a potion of mutation {unknown}


   Skills:
 + Level 6.0 Fighting
 - Level 3.0 Maces & Flails
 - Level 2.4 Dodging
 - Level 2.1 Stealth


You had 3 spell levels left.
You didn't know any spells.
Your spell library contained the following spells:

 Spells                   Type           Power      Damage    Failure   Level
 Ensorcelled Hibernation  Hex/Ice        0%         N/A       50%         2
 Poisonous Vapours        Pois/Air       0%         N/A       50%         2
 Mephitic Cloud           Conj/Pois/Air  0%         N/A       75%         3
 Spider Form              Tmut/Pois      0%         N/A       75%         3
 Anguish                  Hex/Necr       0%         N/A       98%         4
 Cigotuvi's Dreadful Rot  Necr/Pois/Air  Unusable   N/A       N/A         2

Dungeon Overview and Level Annotations

Branches:
Dungeon (3/15)

Altars:
Uskayaw


Innate Abilities, Weirdness & Mutations

You are immune to sickness and miasma.
Your stone body is resilient. (AC +3)
You are immune to poison.
You resist negative energy. (rN+)
You are resistant to electric shocks. (rElec)
You are resistant to unholy torment.
You are immune to petrification.


Message History

You puncture the jackal!
You kill the jackal!
The jackal bites you. The gnoll closely misses you.
You puncture the gnoll!
The gnoll is almost dead.
The jackal bites you. The gnoll barely misses you.
The jackal bites you but does no damage.
You puncture the gnoll!
You kill the gnoll!
The jackal bites you but does no damage.
The gnoll closely misses you. The jackal barely misses you.
The gnoll barely misses you.
Your Fighting skill increases to level 6!
The adder hisses angrily.
You hit the jackal.
The jackal is poisoned.
The jackal is almost dead.
You kill the jackal!
The gnoll misses you. The gnoll closely misses you. The jackal bites you.
You miss the jackal. The jackal completely misses you.
The gnoll hits you but does no damage.
The gnoll hits you from afar with a +0 spear.
The jackal barely misses you.
You barely miss the jackal. The gnoll misses you.
The jackal completely misses you. The gnoll barely misses you.
The adder bites you but does no damage.
You puncture the jackal!
You kill the jackal!
The gnoll hits you from afar with a +0 halberd!
The gnoll hits you from afar with a +0 spear.
The adder bites you but does no damage.
The gnoll hits you from afar with a +0 halberd!
* * * LOW HITPOINT WARNING * * *
The gnoll barely misses you. The adder bites you but does no damage.
You see here a jackal corpse.
The adder attacks as you move away! The adder barely misses you.
You puncture the adder!
You kill the adder!
The gnoll hits you from afar with a +0 halberd!
You die...

###...#.#.###.............#
###...#.#.....###.#.......#
......#.###.......#.......#
..........'.......#.......#
.....###.##...........#####
..÷.......#......####..
..........#......# ######
....#....#####'#####......
...##.......##..@†gg.#
.........#####...##..#
.##.#.#..# #...# .....
.##.#.#..# #...# .......
#####.#..# #...# .#.....
.........# #.... .......
#####....# #......# ####
#....# #......# #####....#


You could see 2 gnolls.

Vanquished Creatures
  An iguana (D:2)
  A gnoll (D:3)
  3 adders
  2 worms
  2 dart slugs (D:1)
  An orc (D:3)
  14 bats
  2 giant cockroaches
  4 goblins
  4 hobgoblins
  3 jackals (D:3)
  3 quokkas
  6 ball pythons
  A frilled lizard (D:1)
  4 kobolds
  2 rats
53 creatures vanquished.

Notes
Turn   | Place    | Note
-------+----------+-------------------------------------------
     0 | D:1      | Harunobu the Gargoyle Monk began the quest for the Orb.
     0 | D:1      | Reached XP level 1. HP: 14/14 MP: 1/1
   144 | D:1      | Reached XP level 2. HP: 20/20 MP: 2/2
   197 | D:1      | Reached skill level 4 in Fighting
   834 | D:2      | Reached XP level 3. HP: 24/24 MP: 3/3
   874 | D:2      | Reached skill level 5 in Fighting
   921 | D:2      | Reached XP level 4. HP: 22/31 MP: 4/4
  1207 | D:2      | Found a hide-covered altar of Uskayaw.
  1817 | D:3      | Reached skill level 6 in Fighting
  1823 | D:3      | Slain by a gnoll

Illustrated notes

Levels and vault maps discovered:
D:1:      lightli_arrival_boilingwater, layout_loops_cross, due_unseen_surprise
D:2:      layout_rooms, basic_altar
D:3:      layout_basic, shapermc_ecumenical_altar_mp_highgroup, roderic_batcave

Skill      XL: |  1  2  3  4 |
---------------+-------------+-----
Fighting       | 4 5 6 |  6.0
Maces & Flails | |  3.0
Dodging        | |  2.4
Stealth        | |  2.1

Action                   |  1- 3 |  4- 6 || total
-------------------------+-------+-------++-------
Melee: Mace              |    75 |    34 ||   109
       Punch             |     1 |       ||     1
       Trident           |       |    49 ||    49
 Stab: Sleeping          |     8 |     1 ||     9
Armor: Robe              |    36 |    38 ||    74
Dodge: Dodged            |    68 |    77 ||   145

Table legend: (Time is in decaauts)
 A = Elapsed time spent in this place.
 B = Non-inter-level travel time spent in this place.
 C = Inter-level travel time spent in this place.
 D = Time resting spent in this place.
 E = Time spent auto-exploring this place.
 F = Levels seen in this place.
 G = Mean time per level.
                   A        B        C        D        E       F      G
               +--------+--------+--------+--------+--------+-----+--------+
         Total |   1869 |   1822 |     47 |    456 |    889 |   3 |  623.0 |
       Dungeon |   1869 |   1822 |     47 |    456 |    889 |   3 |  623.0 |
               +--------+--------+--------+--------+--------+-----+--------+

Top non-repeatable levels by time:
     D:1: 801 daAuts
     D:2: 573 daAuts
     D:3: 495 daAuts
